AoeStats
← Gabo

Arena

509978224Analyzed
1v1 RM · 2d ago on Sep 28, 2026· 25m 43s· 2 players
Game mode
Random Map
Map size
Tiny (2 player)
Population
200
Speed
Normal
Resources
Standard
Victory
Conquest
Starting age
Dark Age
Ending age
Imperial Age
RankedLock teamsTeams togetherTeam positionsShared explorationLock speedFull tech treeHidden civsTurbo modeCheats
Victory
Defeat
🇹🇷 Goths · Türkiye
1056
+16
🇨🇱 Maya · Chile
1060
-16
demirler_07
0:27 Loom
10:42 Feudal Age
11:39 Double-Bit Axe
16:42 Castle Age
15:58 Horse Collar
17:56 Bow Saw
18:07 Heavy Plow
19:11 Wheelbarrow
20:06 Stone Mining
20:49 Gold Mining
Gabo
0:32 Loom
10:46 Feudal Age
15:03 Castle Age
13:27 Double-Bit Axe
14:00 Horse Collar
20:22 Bow Saw
Connection lost

Rejoining the realm…

Still unreachable

The connection could not be restored.

Session expired

The server has moved on; the page needs a fresh start.